 Dungeon Crawl Stone Soup version 0.31-a0-152-g6aa68a64a1 (webtiles) character file.

Game seed: 13597593855968296759

84 qw the Shooter (level 4, -3/39 HPs)
             Began as a Naga Hunter on June 11, 2023.
             Slain by a cerulean imp
             ... wielding a +2 spear
             ... summoned by Natasha
              (7 damage)
             ... on level 2 of the Dungeon.
             The game lasted 00:00:27 (1406 turns).

qw the Shooter (Naga Hunter)                        Turns: 1406, Time: 00:00:27

Health: -3/39      AC:  2    Str: 14    XL:     4   Next: 45%
Magic:  4/4        EV:  9    Int:  9    God:
Gold:   140        SH:  0    Dex: 16    Spells: 3/3 levels left

rFire   . . .        Y - +0 shortbow
rCold   . . .        (shield currently unavailable)
rNeg    . . .        c - +0 leather armour
rPois   +            (no helmet)
rElec   .            (no cloak)
rCorr   .            (no gloves)
SInv    +            (no barding)
Will    .....        (no amulet)
Stlth   ++           (no ring)
HPRegen 0.26/turn    (no ring)
MPRegen 0.09/turn

%: no passive effects
@: very slow
A: AC +1, large, see invisible, deformed body, poison resistance, slowness 2,
spit poison 1, naga tail 1
a: Spit Poison


You were on level 2 of the Dungeon.
You visited 1 branch of the dungeon, and saw 2 of its levels.

You collected 140 gold pieces.


Innate Abilities, Weirdness & Mutations

Your serpentine skin is tough. (AC +1)
You have supernaturally acute eyesight. (SInv)
Armour fits poorly on your strangely shaped body.
Your system is resistant to poisons. (rPois)
You cover ground very slowly.
You can spit poison.
You have a snake-like lower body.


   Skills:
 + Level 2.1 Fighting
 - Level 5.2 Ranged Weapons
 - Level 1.5 Dodging
 - Level 1.5 Stealth


You had 3 spell levels left.
You didn't know any spells.
Your spell library was empty.

Inventory:

Hand Weapons
 Y - a +0 shortbow (weapon)
Armour
 c - a +0 leather armour (worn)
Jewellery
 i - a +5 ring of evasion
Scrolls
 a - 2 scrolls of identify
 d - a scroll of vulnerability {unknown}
 g - a scroll of enchant weapon {unknown}
 h - a scroll of fog {unknown}
 k - a scroll of blinking {unknown}
Potions
 b - 2 potions of curing {unknown}
 e - a potion of brilliance {unknown}
 f - a potion of resistance {unknown}
 j - a potion of heal wounds {unknown}

Dungeon Overview and Level Annotations

Branches:
Dungeon (2/15)

Altars:
Qazlal

Annotations:
D:2 Natasha


Message History

You shoot an arrow.
The arrow closely misses the cerulean imp.
The cerulean imp hits you from afar with a +2 spear.
You shoot an arrow.
The arrow hits the cerulean imp but does no damage.
The cerulean imp completely misses you.
You shoot an arrow.
The arrow closely misses the cerulean imp.
You have got your breath back.
The cerulean imp closely misses you.
You shoot an arrow.
The arrow completely misses the cerulean imp.
The cerulean imp hits you from afar with a +2 spear.
You shoot an arrow.
The arrow barely misses the cerulean imp.
The cerulean imp hits you from afar with a +2 spear.
You shoot an arrow.
The arrow completely misses the cerulean imp.
The cerulean imp hits you from afar with a +2 spear.
You shoot an arrow. The arrow hits the cerulean imp.
The cerulean imp is lightly wounded.
The cerulean imp hits you from afar with a +2 spear. x2
You shoot an arrow. The arrow hits the cerulean imp!
The cerulean imp is severely wounded.
The cerulean imp closely misses you.
You shoot an arrow.
The arrow barely misses the cerulean imp.
The cerulean imp hits you from afar with a +2 spear.
You shoot an arrow.
The arrow barely misses the cerulean imp.
The cerulean imp hits you from afar with a +2 spear.
You shoot an arrow. The arrow misses the cerulean imp.
The cerulean imp hits you from afar with a +2 spear.
You shoot an arrow.
The arrow closely misses the cerulean imp.
The cerulean imp hits you from afar with a +2 spear. x2
You shoot an arrow.
The arrow barely misses the cerulean imp.
The cerulean imp hits you from afar with a +2 spear!
You die...

#####..'.........#.###
....####.............#
......##........##.#.#
....#.#..............#
...)#.#..........#.###
....#...#'###....#.#
....#####...#....#.#
....#######.####.#.#
............####@#.##
..........#.##.#....#
..........#.##.5....#
##..........##.##...#
#........#.##.#....#
#........#.##.#...##
#........#..#.#...#
##.............#...#
...##########...#..#


You could see a cerulean imp (summoned).

Vanquished Creatures
  Natasha (twice) (D:2)
  A worm (D:2)
  3 endoplasms
  2 giant cockroaches
  A goblin (D:1)
  3 hobgoblins
  6 kobolds
  A quokka (D:2)
  5 ball pythons
  5 bats
  3 frilled lizards (D:1)
  2 rats (D:2)
34 creatures vanquished.

Notes
Turn   | Place    | Note
-------+----------+-------------------------------------------
     0 | D:1      | qw the Naga Hunter began the quest for the Orb.
     0 | D:1      | Reached XP level 1. HP: 19/19 MP: 1/1
     0 | D:1      | 0 ||| qw: Version: 0.2-a-29-gdad1ea2
     0 | D:1      | 0 ||| qw: Game counter: 4052
     0 | D:1      | 0 ||| qw: Always use a shield: true
     0 | D:1      | 0 ||| qw: God list: Okawaru
     0 | D:1      | 0 ||| qw: Allow faded altars: false
     0 | D:1      | 0 ||| qw: Do Orc after D:15 true
     0 | D:1      | 0 ||| qw: Do second Lair branch before Depths: true
     0 | D:1      | 0 ||| qw: Lair rune preference: random
     0 | D:1      | 0 ||| qw: Plans: Normal
     0 | D:1      | 0 ||| PLANNING D:1-11
    12 | D:1      | 12 ||| INVOKING Spit Poison.
    49 | D:1      | 49 ||| INVOKING Spit Poison.
   119 | D:1      | 119 ||| INVOKING Spit Poison.
   162 | D:1      | 162 ||| INVOKING Spit Poison.
   171 | D:1      | 171 ||| INVOKING Spit Poison.
   174 | D:1      | 174 ||| INVOKING Spit Poison.
   196 | D:1      | Reached skill level 4 in Ranged Weapons
   196 | D:1      | Reached XP level 2. HP: 26/26 MP: 2/2
   284 | D:1      | 284 ||| INVOKING Spit Poison.
   297 | D:1      | 297 ||| INVOKING Spit Poison.
   385 | D:1      | 385 ||| INVOKING Spit Poison.
   419 | D:1      | 419 ||| INVOKING Spit Poison.
   484 | D:1      | 484 ||| INVOKING Spit Poison.
   628 | D:1      | 628 ||| INVOKING Spit Poison.
   686 | D:1      | 686 ||| READING 3 scrolls labelled NAUTOG BOSUTO.
   687 | D:1      | 687 ||| READING scroll labelled UCIDGH WI DOLATS.
   688 | D:1      | 688 ||| READING 2 scrolls labelled VIHEZE ACKOV.
   689 | D:1      | 689 ||| DROPPING scroll of butterflies.
   690 | D:1      | 690 ||| DROPPING scroll of fear.
   734 | D:2      | 734 ||| INVOKING Spit Poison.
   750 | D:2      | 750 ||| INVOKING Spit Poison.
   765 | D:2      | 765 ||| INVOKING Spit Poison.
   791 | D:2      | Reached XP level 3. HP: 32/32 MP: 3/3
   870 | D:2      | 870 ||| INVOKING Spit Poison.
   890 | D:2      | 890 ||| INVOKING Spit Poison.
   956 | D:2      | 956 ||| INVOKING Spit Poison.
   987 | D:2      | Noticed Natasha
   989 | D:2      | Killed Natasha
  1066 | D:2      | Noticed Natasha
  1067 | D:2      | 1067 ||| INVOKING Spit Poison.
  1068 | D:2      | 1068 ||| Stepping ~*~*~tactically~*~*~ (outnumbered).
  1072 | D:2      | Killed Natasha
  1073 | D:2      | Reached skill level 5 in Ranged Weapons
  1073 | D:2      | Reached XP level 4. HP: 36/39 MP: 4/4
  1226 | D:2      | Found a stormy altar of Qazlal.
  1229 | D:2      | 1229 ||| INVOKING Spit Poison.
  1232 | D:2      | 1232 ||| INVOKING Spit Poison.
  1237 | D:2      | 1237 ||| INVOKING Spit Poison.
  1240 | D:2      | 1240 ||| INVOKING Spit Poison.
  1243 | D:2      | 1243 ||| INVOKING Spit Poison.
  1247 | D:2      | 1247 ||| INVOKING Spit Poison.
  1391 | D:2      | Noticed Natasha
  1392 | D:2      | 1392 ||| INVOKING Spit Poison.
  1405 | D:2      | HP: 9/39 [cerulean imp/+2 spear[Natasha] (1)]
  1405 | D:2      | HP: 4/39 [cerulean imp/+2 spear[Natasha] (5)]
  1406 | D:2      | Slain by a cerulean imp

Levels and vault maps discovered:
D:1:      onia_arrival_pentagram, layout_basic
D:2:      layout_basic, basic_altar, uniq_natasha

Skill      XL: |  1  2  3 |
---------------+----------+-----
Ranged Weapons | 4 5 |  5.2
Fighting       | |  2.1
Dodging        | |  1.5
Stealth        | |  1.5

Action                     |  1- 3 |  4- 6 || total
---------------------------+-------+-------++-------
   Fire: Shortbow          |    33 |    30 ||    63
Ability: Spit Poison       |    19 |     7 ||    26
    Use: Scroll            |     3 |       ||     3
 Armour: Leather armour    |     2 |     8 ||    10
  Dodge: Dodged            |     2 |    14 ||    16

Table legend:
 A = Non-vault XP
 B = Vault XP
 C = Vault XP percentage of total XP
 D = Non-vault monster count
 E = Vault monster count
 F = Vault count percentage of total count
                 A         B        C        D         E       F
            +---------+---------+-------+---------+---------+-------
      Total |      85 |      35 |  29.2 |      33 |       1 |   2.9
            +---------+---------+-------+---------+---------+-------
        D:1 |      23 |       0 |   0.0 |      16 |       0 |   0.0
        D:2 |      62 |      35 |  36.1 |      17 |       1 |   5.6
            +---------+---------+-------+---------+---------+-------
